 Dungeon Crawl Stone Soup version 0.27-a0-92-g39ad13b146 (webtiles) character file.

Game seed: 4287681416974634063

970 knot the Chopper (level 7, 0/52 HPs)
             Began as a Demonspawn Berserker on Jan 16, 2021.
             Was a Priest of Trog.
             Slain by an ogre
             ... wielding a +0 giant club
              (13 damage)
             ... on level 6 of the Dungeon.
             The game lasted 00:07:22 (6710 turns).

knot the Chopper (Demonspawn Berserker)             Turns: 6710, Time: 00:07:23

Health: 0/52       AC:  7    Str: 12    XL:     7   Next: 94%
Magic:  0/7        EV: 12    Int: 11    God:    Trog [***...]
Gold:   389        SH:  0    Dex: 12    Spells: 6/6 levels left

rFire    . . .     SeeInvis .   C - +3 flail of Overwhelming Force {venom, +Fly rPois Str-5}
rCold    . . .     Faith    .   (no shield)
rNeg     . . .     Spirit   +   b - +0 animal skin
rPois    +         Reflect  .   l - +1 hat
rElec    .         Harm     .   q - +1 cloak
rCorr    .         Rampage  .   n - +1 pair of gloves
Will     +....                  (no boots)
Stlth    +.........             (no amulet)
HPRegen  0.17/turn              c - ring of willpower
MPRegen  0.10/turn              (no ring)

@: lethally poisoned (0 -> -1), berserk cooldown, slowed, very slow
A: claws 2, magic shield
a: Renounce Religion, Evoke Flight, Berserk, Trog's Hand


You were on level 6 of the Dungeon.
You worshipped Trog.
Trog was most pleased with you.
You visited 1 branch of the dungeon, and saw 6 of its levels.

You collected 389 gold pieces.

Inventory:

Hand Weapons
 a - a +0 hand axe
 x - a +0 trident of freezing
 C - the +3 flail of Overwhelming Force (weapon) {venom, +Fly rPois Str-5}
   (You found it on level 5 of the Dungeon)

   It poisons the flesh of those it strikes.
   It affects your strength (-5).
   It protects you from poison.
   It lets you fly.
Missiles
 e - 196 stones
 u - 11 poisoned darts (quivered)
 w - 2 throwing nets
 z - 6 datura-tipped darts
 E - 39 sling bullets
Armour
 b - a +0 animal skin (worn)
 l - a +1 hat (worn)
 n - a +1 pair of gloves (worn)
 q - a +1 cloak (worn)
 r - a scarf of invisibility
Jewellery
 c - a ring of willpower (left hand)
 j - an uncursed ring of resist corrosion
 t - an uncursed ring of magical power
Scrolls
 d - 2 scrolls of remove curse
 g - 2 scrolls of amnesia
 i - 2 scrolls of teleportation
 k - 3 scrolls of identify
 y - a scroll of fog {unknown}
 B - a scroll of immolation {unknown}
Potions
 f - 2 potions of haste
 h - a potion of might
 m - a potion of berserk rage {unknown}
 o - a potion of curing
 p - a potion of brilliance {unknown}
 s - a potion of ambrosia {unknown}
 v - a potion of magic {unknown}
 A - 2 potions of lignification {unknown}
 D - a potion of flight {unknown}
 F - a potion of heal wounds


   Skills:
 - Level 3.0 Fighting
 * Level 6.9 Axes
 * Level 3.2 Throwing
 - Level 1.7 Armour
 - Level 1.7 Dodging
 * Level 4.2 Evocations


You had 6 spell levels left.
You didn't know any spells.
Your spell library was empty.

Dungeon Overview and Level Annotations

Branches:
Dungeon (6/15)             Temple (0/1) D:4

Altars:
Dithmenos
Elyvilon
Fedhas
Kikubaaqudgha
Okawaru
Xom

Shops:
D:5 !


Innate Abilities, Weirdness & Mutations

You have very sharp fingernails.
When hurt, damage is shared between your health and your magic reserves.


Message History

You feel sick. The phantom closely misses you.
You closely miss the phantom.
The phantom is almost destroyed.
An ogre comes into view. It is wielding a +0 giant club.
You thump the phantom!
You destroy the phantom!
Trog accepts your kill.
You barely miss the ogre.
A jelly comes into view.
The ogre closely misses you.
You barely miss the ogre.
You are no longer berserk.
You are exhausted.
You feel yourself slow down.
You hit the ogre.
The ogre is poisoned.
The ogre is lightly wounded.
You feel sick. The ogre hits you with a +0 giant club.
* * * LOW HITPOINT WARNING * * *
The ogre hits you with a +0 giant club!
You die...

#....##........#
#####....##..#######
.........###.#
.####....# #.#
..##....# #.#
#.......# #.#
###.###.# #..
#..##.# ##..#@#
######.#O#
......†.J#
.###.(....#
#...###..... .((#
...##.!. .( ...# ..
. ...# . #...#


You could see an ogre (very poisoned) and a jelly.

Vanquished Creatures
  Edmund (D:5)
  A phantom (D:6)
  2 howler monkeys
  2 orc priests
  Crazy Yiuf (D:2)
  2 hounds (D:6)
  5 orc wizards
  An iguana (D:3)
  3 worker ants
  A hound skeleton (D:5)
  A worker ant zombie (D:5)
  8 gnolls
  A howler monkey skeleton (D:6)
  9 adders
  An ufetubus (D:5)
  An ooze (D:5)
  An adder skeleton (D:4)
  2 worms
  3 leopard geckos
  18 orcs
  A ball python (D:2)
  10 bats
  8 giant cockroaches
  5 goblins
  6 hobgoblins
  3 jackals (D:5)
  2 quokkas
  5 frilled lizards
  6 kobolds
  A leopard gecko zombie (D:6)
  5 rats
116 creatures vanquished.

Vanquished Creatures (others)
  5 plants (D:2)
  5 withered plants (D:2)
10 creatures vanquished.

Grand Total: 126 creatures vanquished

Notes
Turn   | Place    | Note
-------+----------+-------------------------------------------
     0 | D:1      | knot the Demonspawn Berserker began the quest for the Orb.
     0 | D:1      | Reached XP level 1. HP: 18/18 MP: 1/1
   293 | D:1      | Reached skill level 3 in Axes
   327 | D:1      | Gained mutation: When hurt, damage is shared between your
                  | health and your magic reserves. [demonic ancestry]
   327 | D:1      | Reached XP level 2. HP: 24/24 MP: 2/2
  1134 | D:2      | Reached XP level 3. HP: 26/29 MP: 3/3
  1208 | D:2      | Reached skill level 4 in Axes
  1530 | D:2      | Reached ** piety under Trog
  1684 | D:2      | Found an ancient bone altar of Kikubaaqudgha.
  1686 | D:2      | Found a blossoming altar of Fedhas.
  2010 | D:2      | Gained mutation: You have sharp fingernails. [demonic
                  | ancestry]
  2010 | D:2      | Reached XP level 4. HP: 26/35 MP: 2/4
  2014 | D:2      | Found a runed translucent door.
  2015 | D:2      | Noticed Crazy Yiuf
  2023 | D:2      | Killed Crazy Yiuf
  2218 | D:3      | Reached skill level 5 in Axes
  2565 | D:3      | Reached XP level 5. HP: 41/41 MP: 5/5
  3151 | D:3      | Reached skill level 1 in Evocations
  3688 | D:4      | Reached XP level 6. HP: 42/42 MP: 6/6
  4129 | D:4      | Found an iron altar of Okawaru.
  4142 | D:4      | Reached skill level 6 in Axes
  4152 | D:4      | Reached *** piety under Trog
  4468 | D:4      | Reached skill level 1 in Throwing
  4855 | D:4      | Found a staircase to the Ecumenical Temple.
  4995 | D:4      | Found a white marble altar of Elyvilon.
  5459 | D:5      | Entered Level 5 of the Dungeon
  5506 | D:5      | Noticed Edmund
  5526 | D:5      | Killed Edmund
  5527 | D:5      | Gained mutation: You have very sharp fingernails. [demonic
                  | ancestry]
  5527 | D:5      | Reached XP level 7. HP: 52/52 MP: 4/7
  5691 | D:5      | Identified the cursed +1 quarterstaff "Fehunit" {vorpal,
                  | rElec rN+ Will+ Int+2}
  6333 | D:5      | Got a blackened flail
  6334 | D:5      | Identified the cursed +3 flail of Overwhelming Force
                  | {venom, +Fly rPois Str-5} (You found it on level 5 of the
                  | Dungeon)
  6336 | D:5      | Found Xiuraxuh's Distillery.
  6406 | D:5      | Found a shimmering altar of Xom.
  6597 | D:6      | Found a shadowy altar of Dithmenos.
  6710 | D:6      | Slain by an ogre

Illustrated notes

Levels and vault maps discovered:
D:1:      dpeg_arrival_fog, layout_basic
D:2:      layout_loops_ring, grunt_temple_overflow_growth_and_decay,
          minmay_pentomino_o2, uniq_crazy_yiuf_cottage
D:3:      layout_basic, serial_park_tiny_pond,
          wander_ebering_terrifying_dragon_lair
D:4:      layout_basic, elyvilon_altar_3, minmay_temple_entry_sparse_star,
          okawaru_trees_2
D:5:      layout_loops_cross, xom_teletrap_fun, serial_shops, shop, minivault_4,
          minmay_misc_feat_x, uniq_edmund
D:6:      layout_rooms, grunt_dithmenos_smoke, serial_shops, nicolae_shop_stone,
          fedhas_altar_4

Skill      XL: |  1  2  3  4  5  6  7 |
---------------+----------------------+-----
Axes           | 3 4 5 6 |  6.9
Evocations     | 1 3 4 |  4.2
Throwing       | 2 3 |  3.2
Fighting       | |  3.0
Armour         | |  1.7
Dodging        | |  1.7

Action                   |  1- 3 |  4- 6 |  7- 9 || total
-------------------------+-------+-------+-------++-------
Melee: Hand axe          |   146 |   117 |       ||   263
       Trident           |       |    94 |    65 ||   159
       Flail             |       |       |    37 ||    37
Throw: Dart              |       |    17 |     9 ||    26
Invok: Berserk           |     1 |     8 |     2 ||    11
       Trog's Hand       |       |     2 |       ||     2
  Use: Potion            |     2 |       |       ||     2
       Scroll            |       |     5 |     1 ||     6
 Stab: Sleeping          |     1 |     3 |       ||     4
Armor: Animal skin       |    31 |    60 |    33 ||   124
Dodge: Dodged            |   107 |   132 |    81 ||   320

Table legend: (Time is in decaauts)
 A = Elapsed time spent in this place.
 B = Non-inter-level travel time spent in this place.
 C = Inter-level travel time spent in this place.
 D = Time resting spent in this place.
 E = Time spent auto-exploring this place.
 F = Levels seen in this place.
 G = Mean time per level.
                   A        B        C        D        E       F      G
               +--------+--------+--------+--------+--------+-----+--------+
         Total |   6839 |   6631 |    208 |   1979 |   3686 |   6 | 1139.8 |
       Dungeon |   6839 |   6631 |    208 |   1979 |   3686 |   6 | 1139.8 |
               +--------+--------+--------+--------+--------+-----+--------+

Top non-repeatable levels by time:
     D:3: 1761 daAuts
     D:4: 1565 daAuts
     D:2: 1319 daAuts
     D:5: 1167 daAuts
     D:1: 912 daAuts
     D:6: 113 daAuts
